[Event "13 Open de Quenza"]
[Site "Quenza, France"]
[Date "2024.07.07"]
[Round "3.11"]
[White "Glek, Igor"]
[Black "Utrera, Ludovic"]
[Result "1-0"]
[TimeControl "5min+3s/move"]
[WhiteElo "2396"]
[BlackElo "2098"]

1. e4 c5 2. Nf3 d6 3. d4 cxd4 4. Nxd4 Nf6 5. Nc3 a6 6. a4 e5 7. Nf3 Be7 8. Bg5 O-O 9. Bxf6 Bxf6 10. Bc4 Bg4 11. h3 Bh5 12. g4 Bg6 13. h4 h5 14. Nd2 hxg4 15.
Qxg4 Bh7 16. Nd5 Nd7 17. Rg1 Nb6 18. Nxf6+ Qxf6 19. Bb3 Rfd8 20. a5 Nd7 21. Bd5 Rac8 22. c3 Nc5 23. Rg3 Rc7 24. Ke2 Ne6 25. Rag1 Bg6 26. Bxe6 fxe6 27. Qxg6 Qe7 28. h5 d5 29.
h6 dxe4 30. Qxg7+ Qxg7 31. Rxg7+ Rxg7 32. Rxg7+ Kh8 33. Nxe4 Rf8 34.
Ng5 1-0

[Event "13 Open de Quenza"]
[Site "Quenza, France"]
[Date "2024.07.07"]
[Round "3.12"]
[White "Podvin, Antoine"]
[Black "Yankelevich, Lev"]
[Result "0-1"]
[TimeControl "5min+3s/move"]
[WhiteElo "2056"]
[BlackElo "2416"]

1. d4 Nf6 2. Nc3 d5 3. Bf4 a6 4. e3 e6 5. g4 Bb4 6. g5 Ne4 7. Nge2 Nxc3 8. bxc3 Bd6 9. h4 Nc6 10.
Rb1 Na5 11. Ng3 Qd7 12. Bd3 Qc6 13. Nh5 Qxc3+ 14. Kf1 Kf8 15. Qf3 Nc4 16. Bxc4 Qxc4+ 17. Kg2 e5 18. dxe5 Be7 19. Rhd1 Bf5 20.
Ng3 Be6 21. Rxb7 Qxc2 22. Rdb1 Rd8 23. R1b2 Qc4 24. Rb8 Ke8 25. Nh5 Rg8 26. Bg3 Bg4 27. Qf4 Bxh5 28. Rxd8+ Bxd8 29. Qf5 Qe4+ 30.
Qxe4 dxe4 31. e6 fxe6 32. Rb8 Kd7 33.
Ra8 h6 34. Rxa6 hxg5 35. hxg5 Bxg5 36. a4 Bf3+ 37. Kf1 Rh8 38. Ke1 Rh1+ 39. Kd2 Rd1+ 40. Kc2 Rd5 41. Kc3 Bf6+ 42. Kc4 Be2+ 43. Kd4 0-1

[Event "13 Open de Quenza"]
[Site "Quenza, France"]
[Date "2024.07.07"]
[Round "4.1"]
[White "Glek, Igor"]
[Black "Anand, Viswanathan"]
[Result "0-1"]
[TimeControl "5min+3s/move"]
[WhiteElo "2396"]
[BlackElo "2751"]

1. e4 c5 2. Nf3 d6 3. d4 cxd4 4. Nxd4 Nf6 5. Nc3 a6 6. a4 e5 7. Nf3 Be7 8. Bg5 Be6 9. Bxf6 Bxf6 10. Nd5 Nd7 11. Bc4 Rc8 12.
Bb3 O-O 13. O-O Nc5 14. Nxf6+ Qxf6 15. Bxe6 Qxe6 16. Re1 Rfd8 17. Qe2 Qd7 18. a5 Ne6 19. g3 Rc5 20. Red1 Qc7 21. c3 Rxa5 22.
Rxa5 Qxa5 23. Rd5 Qa4 24. h4 h6 25. h5 b5 26. Kg2 Qa5 27. Nh4 Qb6 28. Nf5 Nc7 29. Qg4 Ne6 30. Nxh6+ Kf8 31. Nf5 b4 32. h6 gxh6 33.
Qh4 Rd7 34. Qxh6+ Kg8 35. Rd1 Qc6 36. f3 Qc4 37. Qd2 bxc3 38. bxc3 Rc7 39. Nxd6 Qxc3 40. Qxc3 Rxc3 41. Ra1 Nd4 42. Rxa6 Nxf3 43. Ra8+ Kg7 44.
Ra7 Ng5 45. Nf5+ Kg6 46. Ra6+ Ne6 47. Kf2 Kg5 48. Ra8 Nc5 49. Rg8+ Kf6 50. Nh6 Nxe4+ 51. Kg2 Rc2+ 52. Kh3 Nf2+ 53. Kh4 Rc1 54. Ng4+ Nxg4 55. Kxg4 Ke6 56. Re8+ Kd5 57. Kf3 Rc3+ 58. Kf2 f5 59.
Ra8 Kd4 60. Ra4+ Rc4 61. Ra5 Rc2+ 62.
Kf1 Rb2 63. Kg1 Ke4 64. Ra3 Rd2 65.
Ra5 Re2 66. Kf1 Kf3 67. Ra3+ Re3 0-1

[Event "13 Open de Quenza"]
[Site "Quenza, France"]
[Date "2024.07.07"]
[Round "4.2"]
[White "Fressinet, Laurent"]
[Black "Anwesh, Upadhyaya"]
[Result "1-0"]
[TimeControl "5min+3s/move"]
[WhiteElo "2625"]
[BlackElo "2363"]

1. d4 d5 2. Nf3 Nf6 3. c4 c6 4.
g3 Bf5 5. Nc3 e6 6. Qb3 Qb6 7. c5 Qc7 8. Bf4 Qc8 9. Nh4 Bg4 10. f3 Bh5 11. e4 Be7 12. O-O-O dxe4 13. g4 Nd5 14. Bg3 Nxc3 15. Qxc3 Bxh4 16.
gxh5 Bg5+ 17. Kb1 exf3 18. d5 Bf6 19. Be5 Nd7 20. Bxf6 gxf6 21. dxe6 fxe6 22. Bh3 Qc7 23. Bxe6 O-O-O 24. Qxf6 Rhe8 25. Qf7 Rxe6 26. Qxe6 Kb8 27. Rhf1 a5 28. Qd6 Qxd6 29.
Rxd6 Kc7 30. Rxf3 1-0

[Event "13 Open de Quenza"]
[Site "Quenza, France"]
[Date "2024.07.07"]
[Round "4.3"]
[White "Yankelevich, Lev"]
[Black "Bellahcene, Bilel"]
[Result "0-1"]
[TimeControl "5min+3s/move"]
[WhiteElo "2416"]
[BlackElo "2535"]

1. d4 e6 2. Nf3 Nf6 3. e3 b6 4. Bd3 Bb7 5. O-O d5 6. Nbd2 Bd6 7. b3 Ne4 8. Bb2 Nd7 9. c4 Nxd2 10.
Nxd2 O-O 11. Nf3 Qe7 12. Rc1 h6 13. Qe2 Rad8 14. Bb1 dxc4 15. Qxc4 Bxf3 16. gxf3 Qg5+ 17. Kh1 Qh5 18. f4 Qf3+ 19. Kg1 Nf6 20. Qc6 Qe2 21. Rc2 Qh5 22. Qg2 Nd5 23.
Kh1 f5 24. Rg1 Rd7 25. Rcc1 g5 26. fxg5 Rg7 27. f4 hxg5 28. Qf2 gxf4 29. Rxg7+
Kxg7 30. Rg1+ Kf7 31. e4 Ne3 32. d5 e5 33. exf5 Rh8 34. Rg6 Qd1+ 35. Rg1 Qxd5+ 36. Rg2 Rg8 0-1

[Event "13 Open de Quenza"]
[Site "Quenza, France"]
[Date "2024.07.07"]
[Round "4.4"]
[White "Lagarde, Maxime"]
[Black "Hejazipour, Mitra"]
[Result "1-0"]
[TimeControl "5min+3s/move"]
[WhiteElo "2608"]
[BlackElo "2333"]

1. e4 c5 2. Nc3 e6 3.
d4 cxd4 4. Qxd4 Nc6 5. Qe3 d6 6. b3 Nf6 7. Bb2 d5 8. exd5 Nxd5 9. Nxd5 Qxd5 10. Nf3 Bb4+ 11.
c3 Bc5 12. Qd2 Qxd2+ 13. Nxd2 O-O 14. Ne4 Be7 15. Rd1 f5 16. Nd6 Bf6 17. Bc4 Ne5 18. Be2 Nf7 19. O-O Be5 20. Ba3 Nxd6 21.
Bxd6 Bxd6 22. Rxd6 b6 23. Bc4 Kf7 24. Rc6 Re8 25. Rd1 Re7 26.
f4 Kf6 27. Rdd6 g5 28. fxg5+ Kxg5 29. Bxe6 Bb7 30. Rc4 Rae8 31. h4+ Kh5 32. Bxf5 Rg7 33. Rd2 Reg8 34. Be4 Bxe4 35.
Rxe4 Rg4 36. Rxg4 Rxg4 37. Rd7 Kxh4 38.
Rxh7+ Kg3 39. Rxa7 b5 40. Rd7 Re4 41. Rd3+ Kf4 42. Rd4 1-0

[Event "13 Open de Quenza"]
[Site "Quenza, France"]
[Date "2024.07.07"]
[Round "4.5"]
[White "Mullon, Jean-Baptiste"]
[Black "Fedorchuk, Sergey A."]
[Result "0-1"]
[TimeControl "5min+3s/move"]
[WhiteElo "2315"]
[BlackElo "2554"]

1. e4 c5 2. Nf3 e6 3. d4 cxd4 4. Nxd4 Nc6 5. Nc3 d6 6. Be3 a6 7. f4 Nge7 8. Qd2 Nxd4 9. Qxd4 Nc6 10.
Qb6 Qxb6 11. Bxb6 Bd7 12. O-O-O Rc8 13. a3 Be7 14. h4 h5 15. Be2 Nb8 16. Rh3 Bc6 17. Bd4 Kf8 18. g4 hxg4 19.
Bxg4 Nd7 20. h5 Bf6 21. Bxf6 Nxf6 22. Bf3 Ke7 23. Rg3 Rh7 24. Rg5 Rch8 25. Rdg1 Nxh5 26. Bxh5 Rxh5 27. Rxg7 Rh4 28. R7g4 Rxg4 29.
Rxg4 Rh2 30. b4 Rh7 31. a4 Bxe4 32. Nxe4 f5 0-1

[Event "13 Open de Quenza"]
[Site "Quenza, France"]
[Date "2024.07.07"]
[Round "4.6"]
[White "Dourerassou, Jonathan"]
[Black "Tomasi, Albert"]
[Result "1-0"]
[TimeControl "5min+3s/move"]
[WhiteElo "2422"]
[BlackElo "2295"]

1. e4 c5 2. Nf3 d6 3. Bb5+ Nd7 4.
a4 Ngf6 5. Nc3 g6 6. O-O Bg7 7. Re1 O-O 8. d3 Ng4 9. Bf4 Nge5 10. Nxe5 Nxe5 11. Qd2 a6 12. Bc4 Nxc4 13. dxc4 Re8 14. e5 dxe5 15. Qxd8 Rxd8 16.
Bxe5 Be6 17. Bxg7 Kxg7 18. b3 Rd4 19. Ne4 Rc8 20. Ng5 Kf6 21. Ne4+ Kg7 22. Re2 h6 23. f3 Bd7 24. a5 Rc6 25.
Kf2 Bf5 26. Nc3 Be6 27. g4 Kf6 28. Rae1 Kg5 29. Kg3 h5 30. h4+ Kh6 31. gxh5 Kxh5 32. Re5+ Kh6 33. Ne4 f6 34. Rxc5 Rxe4 35.
Rxe4 Rxc5 36. Rxe6 Rc7 37. Rb6 g5 38. Kg4 gxh4 39. Kxh4 Kg6 40. Kg4 e5 41. Kg3 Kf5 42. Kf2 Rc5 43. Rxb7 Rxa5 44. Ke3 Ra2 45. c3 Rc2 46. Kd3 Rc1 47. c5 Kf4 48. c6 Rd1+ 49. Kc4 Rd8 50. Rf7 f5 51.
c7 Rc8 52. Kd5 Ke4+ 53. Kxe4 1-0

[Event "13 Open de Quenza"]
[Site "Quenza, France"]
[Date "2024.07.07"]
[Round "4.7"]
[White "Batsiashvili, Nino"]
[Black "Maze, Sebastien"]
[Result "1-0"]
[TimeControl "5min+3s/move"]
[WhiteElo "2451"]
[BlackElo "2553"]

1. d4 Nf6 2. c4 g6 3.
Nc3 Bg7 4. g3 d6 5. Bg2 O-O 6. Nf3 Nbd7 7. O-O e5 8. e4 Re8 9. Be3 exd4 10. Nxd4 Nc5 11. f3 a5 12. Qd2 Nfd7 13.
Rad1 Ne5 14. b3 a4 15. Bf2 axb3 16. axb3 Bd7 17. h3 Ra3 18. f4 Ned3 19. Be3 Qc8 20. Kh2 Bc6 21. Nxc6 bxc6 22. e5 dxe5 23. Ne4 Nxe4 24. Qxd3 exf4 25. Rxf4 Nd6 26.
Bxc6 Ra2+ 27. Rf2 Rxf2+ 28. Bxf2 Rd8 29. c5 Nb7 30. Qe2 Rxd1 31. Qxd1 Nd8 32. Qd7 Qb8 33. Bd5 c6 34.
Qe8+ Bf8 35. Bxf7+ Kg7 36. Bd4+ 1-0

[Event "13 Open de Quenza"]
[Site "Quenza, France"]
[Date "2024.07.07"]
[Round "4.8"]
[White "Maurizzi, Marc Andria"]
[Black "Ciobanu, Camelia-Adriana"]
[Result "1-0"]
[TimeControl "5min+3s/move"]
[WhiteElo "2620"]
[BlackElo "2093"]

1. e4 e6 2. d4 d5 3. e5 c5 4. c3 Nc6 5. Nf3 Nge7 6. h4 Bd7 7. Bd3 cxd4 8. cxd4 Qb6 9. Kf1 Nb4 10. Be2 Rc8 11. Nc3 f6 12. h5 f5 13. Rh3 a5 14.
a3 Na6 15. Kg1 Nc7 16. h6 g6 17. Bg5 Ng8 18. Na4 Qa7 19. Rc1 Be7 20. Bd2 Bd8 21. Nc5 Ne7 22. Ng5 Nc6 23. Rd3 b6 24.
Nxd7 Kxd7 25. Nf7 Rf8 26. Nd6 Rb8 27. Qc2 Qa8 28. Rc3 1-0

[Event "13 Open de Quenza"]
[Site "Quenza, France"]
[Date "2024.07.07"]
[Round "4.9"]
[White "Ratier-Fontana, Matteo"]
[Black "Travadon, Loic"]
[Result "0-1"]
[TimeControl "5min+3s/move"]
[WhiteElo "2153"]
[BlackElo "2458"]

1. d4 Nf6 2. Bf4 d5 3. Nf3 c5 4. e3 Nc6 5. Nbd2 e6 6. c3 Be7 7. Bd3 Nh5 8. Bg3 g6 9. O-O Nxg3 10. hxg3 O-O 11. dxc5 Bxc5 12. e4 Be7 13. Qe2 Re8 14. Rfd1 Bf6 15.
Nb3 dxe4 16. Bxe4 Qc7 17. Nc5 Be7 18. Nd3 a6 19. Rac1 Na5 20. Nde5 Bf6 21. Bb1 Nc6 22. Nc4 Rd8 23.
Rxd8+ Bxd8 24. Rd1 b5 25. Nd6 Be7 26. Qd2 Bb7 27. Nxb7 Qxb7 28. Be4 Rd8 29. Qe2 Rxd1+ 30. Qxd1 Qc7 31. Qe2 Bf6 32. Qd3 Na5 33. Nd2 Kg7 34. Bf3 Nc6 35. Bxc6 Qxc6 36.
Ne4 Be5 37. g4 a5 38. a3 b4 39. axb4 axb4 40. cxb4 Qc1+ 41. Qf1 Qxb2 42. b5 Bd4 43. Qc4 Qb1+ 0-1

[Event "13 Open de Quenza"]
[Site "Quenza, France"]
[Date "2024.07.07"]
[Round "4.10"]
[White "Relange, Eloi"]
[Black "Bigonnet, Jean-Michel"]
[Result "1-0"]
[TimeControl "5min+3s/move"]
[WhiteElo "2440"]
[BlackElo "2100"]

1. d4 Nf6 2. c4 e6 3. Nc3 Bb4 4.
Qc2 O-O 5. a3 Bxc3+ 6. Qxc3 c5 7. dxc5 Ne4 8. Qc2 f5 9. Nf3 a5 10. Rb1 a4 11. g3 b6 12. cxb6 Qxb6 13. Be3 Qa5+ 14.
Nd2 Bb7 15. Bg2 Nc6 16. O-O d5 17. cxd5 exd5 18. Nxe4 dxe4 19. Qc5 Qxc5 20. Bxc5 Rfc8 21.
Rfd1 Na5 22. Bb4 Nb3 23. Rd7 Bc6 24. Re7 Re8 25. Rxe8+ Rxe8 26. Rd1 Kf7 27. e3 Bb5 28. Rd5 Bd3 29. Rxf5+ Kg6 30. Rd5 Rc8 31.
Bc3 Bc4 32. Bxe4+ Kh6 33. Rd7 g6 34. h4 Nc1 35. Bg7+ 1-0

[Event "13 Open de Quenza"]
[Site "Quenza, France"]
[Date "2024.07.07"]
[Round "4.11"]
[White "Ternault, Mathieu"]
[Black "Chen, Muxi"]
[Result "1-0"]
[TimeControl "5min+3s/move"]
[WhiteElo "2332"]
[BlackElo "2030"]

1. b3 c5 2. Bb2 Nc6 3. Nf3 Nf6 4. g3 d5 5. Bg2 Bf5 6. d3 e6 7. Nbd2 Be7 8. O-O O-O 9. e3 Rc8 10.
Qe2 Qd7 11. e4 dxe4 12. dxe4 Bg4 13. h3 Bh5 14. g4 Bg6 15. Rad1 Qc7 16. e5 Nd5 17. Nc4 Nf4 18. Qe3 Nxg2 19. Kxg2 Bxc2 20. Rd2 Bg6 21. Nd6 Bxd6 22. exd6 Qd7 23.
Qxc5 Be4 24. Kg1 f6 25. Qe3 Bd5 26. Ba3 b5 27. Nd4 Nxd4 28. Qxd4 a5 29. Bc5 Rc6 30. Rc1 Rfc8 31. b4 axb4 32.
Qxb4 Rxd6 33. Bxd6 1-0

[Event "13 Open de Quenza"]
[Site "Quenza, France"]
[Date "2024.07.07"]
[Round "4.12"]
[White "Unuk, Laura"]
[Black "Di Pietro, Vincenzo"]
[Result "1-0"]
[TimeControl "5min+3s/move"]
[WhiteElo "2324"]
[BlackElo "1846"]

1. d4 Nf6 2. Nc3 c5 3. d5 e6 4. e4 exd5 5. exd5 d6 6. Bd3 Be7 7. h3 a6 8. a4 b6 9. Nf3 Bb7 10.
Bc4 O-O 11. O-O Nbd7 12. Bf4 b5 13. axb5 axb5 14. Rxa8 Qxa8 15. Bxb5 Nb6 16. Re1 Nfxd5 17. Nxd5 Nxd5 18. Bg3 Rd8 19.
c4 Nc7 20. Rxe7 Nxb5 21. cxb5 d5 22. Ne5 f6 23. Qg4 1-0

[Event "13 Open de Quenza"]
[Site "Quenza, France"]
[Date "2024.07.07"]
[Round "5.1"]
[White "Anand, Viswanathan"]
[Black "Dourerassou, Jonathan"]
[Result "1-0"]
[TimeControl "5min+3s/move"]
[WhiteElo "2751"]
[BlackElo "2422"]

1. e4 c5 2. Nf3 Nc6 3. Bb5 Nf6 4.
Nc3 g6 5. e5 Ng4 6. Bxc6 dxc6 7. h3 Nh6 8. g4 Bg7 9. d3 b6 10. Qe2 O-O 11. Bf4 f5 12. g5 Nf7 13. h4 Qe8 14.
O-O-O Nd8 15. Qe3 Ne6 16. h5 Qf7 17. h6 Bh8 18. d4 cxd4 19. Nxd4 c5 20. Nxe6 Bxe6 21. a3 Rfd8 22. Bg3 Qe8 23. f4 Qc6 24. Bf2 Kf7 25.
Rhe1 Rac8 26. Rxd8 Rxd8 27. Rd1 Rxd1+ 28. Nxd1 Qd5 29. b3 Qh1 30. Qe1 Qf3 31. Be3 Bd5 32. Nc3 Be6 33. Qe2 Qh1+ 34. Kb2 Qc6 35. Qa6 c4 36.
b4 Qd7 37. a4 Qc7 38. a5 bxa5 39. Qxa5 Qb7 40. b5 Qf3 41. Qxa7 1-0

[Event "13 Open de Quenza"]
[Site "Quenza, France"]
[Date "2024.07.07"]
[Round "5.2"]
[White "Fedorchuk, Sergey A."]
[Black "Fressinet, Laurent"]
[Result "0-1"]
[TimeControl "5min+3s/move"]
[WhiteElo "2554"]
[BlackElo "2625"]

1. e4 e5 2. Nf3 Nc6 3. Bc4 Nf6 4. d3 Bc5 5. O-O d6 6. c3 a6 7. Bb3 O-O 8. h3 h6 9. Re1 Re8 10.
Nbd2 Be6 11. Nf1 d5 12. exd5 Bxd5 13. Ng3 Bxb3 14. axb3 Qd7 15. b4 Bf8 16. Ne4 Nd5 17. Nc5 Bxc5 18.
bxc5 Nf6 19. Be3 Qd5 20. Qc2 Rad8 21. Rad1 Rd7 22. b4 Qe6 23. Rd2 Qf5 24. Nh4 Qh5 25. Nf3 Nd5 26. Rde2 Qf5 27. Bc1 Nf6 28. Re3 Red8 29.
Nxe5 Nxe5 30. Rxe5 Qxd3 31. Qxd3 Rxd3 32. R5e3 Kf8 33. Kf1 Rxe3 34. Bxe3 Nd5 35. Bd4 f6 36.
Re4 Kf7 37. g4 Re8 0-1

[Event "13 Open de Quenza"]
[Site "Quenza, France"]
[Date "2024.07.07"]
[Round "5.3"]
[White "Bellahcene, Bilel"]
[Black "Maurizzi, Marc Andria"]
[Result "1-0"]
[TimeControl "5min+3s/move"]
[WhiteElo "2535"]
[BlackElo "2620"]

1. e4 e5 2. Nf3 Nc6 3. Bb5 a6 4. Ba4 Nf6 5. O-O b5 6. Bb3 Bc5 7. d3 d6 8. a4 Rb8 9. axb5 axb5 10. h3 h6 11. Be3 O-O 12. Nc3 Bxe3 13. fxe3 Nb4 14. Ne2 c5 15.
Ng3 Qc7 16. Qd2 Be6 17. Bxe6 fxe6 18. c3 Nc6 19. Qc2 c4 20. d4 d5 21. exd5 Nxd5 22. Qe4 exd4 23. Qxe6+ Kh8 24. Qxd5 dxe3 25. Ne2 Rf6 26. Nfd4 Rd6 27. Qc5 Qd7 28.
Nxc6 Rxc6 29. Qxe3 Re6 30. Qf2 Rf6 31. Qd4 Rd6 32. Qf4 Re8 33. Nd4 Rg6 34. Qf5 Qd6 35. Rae1 Rxe1 36. Rxe1 Qg3 37. Re8+ Kh7 38. Qe4 1-0

[Event "13 Open de Quenza"]
[Site "Quenza, France"]
[Date "2024.07.07"]
[Round "5.4"]
[White "Travadon, Loic"]
[Black "Lagarde, Maxime"]
[Result "0-1"]
[TimeControl "5min+3s/move"]
[WhiteElo "2458"]
[BlackElo "2608"]

1. e4 e6 2. d4 d5 3. exd5 exd5 4. Nf3 Nc6 5. Bb5 Bd6 6. h3 Nge7 7. O-O a6 8. Bd3 Nb4 9. Be2 Bf5 10.
Na3 O-O 11. Re1 h6 12. c3 Nbc6 13.
Nc2 Ng6 14. Ne3 Be6 15. Bd3 Nf4 16. Bc2 Qd7 17. h4 Rae8 18. g3 Ng6 19. h5 Nge7 20. Qd3 f5 21. Ng2 Bf7 22. Ne5 Bxe5 23. dxe5 Nd8 24. g4 Be6 25.
g5 Nf7 26. g6 Nd8 27. f4 c5 28. Be3 d4 29. cxd4 c4 30. Qd2 Nd5 31. Bf2 Nc6 32. Bd1 Rc8 33. Bf3 Ncb4 34. Red1 Nd3 35.
b3 Nxf2 36. Qxf2 cxb3 37. axb3 Rc3 38. Rac1 Rfc8 39. Qf1 Qc7 40.
Rxc3 Qxc3 41. Qd3 Qb2 42. Rd2 Qc1+ 43. Rd1 Nxf4 44. Nxf4 Qxf4 45. d5 Bd7 46. d6 Bb5 47. Qd5+ Kh8 48. d7 Rd8 49. e6 Bc6 50. e7 Qe3+ 51. Kf1 Qxe7 52.
Qxf5 Bxd7 53. Qf4 Bb5+ 54. Kf2 Rf8 55. Qe3 Qf6 56. Kg2 Bc6 57. Rf1 Bxf3+ 58. Rxf3 Qxf3+ 59. Qxf3 Rxf3 60. Kxf3 a5 61. Ke4 b5 62. Kd4 a4 63. bxa4 bxa4 64. Kc4 Kg8 65. Kb4 Kf8 66. Kxa4 Ke7 67. Kb5 Kf6 68. Kc6 Kg5 69. Kd5 Kxh5 70. Ke5 Kxg6 71. Kd4 0-1

[Event "13 Open de Quenza"]
[Site "Quenza, France"]
[Date "2024.07.07"]
[Round "5.5"]
[White "Anwesh, Upadhyaya"]
[Black "Batsiashvili, Nino"]
[Result "1-0"]
[TimeControl "5min+3s/move"]
[WhiteElo "2363"]
[BlackElo "2451"]

1. d4 d5 2. Nf3 Nf6 3. c4 e6 4. Bg5 h6 5. Bxf6 Qxf6 6. Nc3 Bb4 7. e3 O-O 8. Qc2 c6 9. Bd3 Nd7 10.
O-O dxc4 11. Bxc4 e5 12. a3 Ba5 13. b4 Bc7 14. d5 Nb6 15. Bb3 Bg4 16. Nd2 Rad8 17. Nde4 Qg6 18. dxc6 bxc6 19.
Nc5 Bf5 20. e4 Bh3 21. f3 Qg5 22. Rf2 Nd7 23. N3a4 Nxc5 24. Nxc5 Bb6 25. Qc1 Qg6 26. Kh1 Bc8 27. Rd2 Rxd2 28.
Qxd2 Rd8 29. Qc3 Bxc5 30. Qxc5 Rd2 31.
Rg1 Ba6 32. Qc3 Qd6 33. Bc4 Bxc4 34. Qxc4 Rd1 35. h3 Rd4 36. Qa6 Qd7 37. Rc1 Rd1+
38. Rxd1 Qxd1+ 39. Kh2 Qd7 40. Qc4 h5 41. Qc5 Qc7 42. b5 Qa5 43. Qxc6 Qd2 44. Qc8+ Kh7 45. Qf5+ Kh6 46. Qxe5 Qc2 47. h4 Qb3 48.
Qc5 Qa4 49. Qg5+ Kh7 50. Qxh5+ Kg8 51. Qc5 Qa5 52. h5 Qe1 53. Qg5 Qc3 54. h6 g6 55. a4 Kh7 56. Qf4 Qc4 57. Kg3 Qxa4 58. Qxf7+ Kxh6 59. Qf4+ Kh7 60. Qc7+ Kh6 61. Qc5 Qa5 62. Qe3+ Kh7 63. Qe2 Qc7+ 64. Kf2 Qc5+ 65. Kg3 Qg5+ 66. Kf2 Qc5+ 67. Qe3 Qc2+ 68. Kg3 Qc7+ 69. f4 Kg7 70.
Qd4+ Kh7 71. e5 Qc1 72.
Qxa7+ Kh6 73. Qf2 Qb1 74. Qe2 Qb3+ 75. Kf2 Qb4 76. g3 Qd4+ 77. Qe3 Qb2+ 78. Kf3 Qxb5 79. e6 Qd5+ 80. Kf2 Qa2+ 81. Qe2 Qa7+ 82. Kf3 Qb7+ 83. Kg4 Qc8 84. Qe4 Qc3 85. e7 Qc1 86. e8=Q Qd1+ 87. Qf3 Qa4 1-0

[Event "13 Open de Quenza"]
[Site "Quenza, France"]
[Date "2024.07.07"]
[Round "5.6"]
[White "Maze, Sebastien"]
[Black "Garde, Guillaume"]
[Result "1-0"]
[TimeControl "5min+3s/move"]
[WhiteElo "2553"]
[BlackElo "2082"]

1. d4 d5 2. Nf3 Nf6 3. Bg5 Ne4 4. Bh4 h6 5. Nbd2 g5 6. Bg3 Nxg3 7. hxg3 Bg7 8.
c3 Bf5 9. Qb3 b6 10. e3 e6 11. c4 O-O 12. cxd5 exd5 13. Rc1 Re8 14. Bb5 Re6 15. Bd3 Bxd3 16. Qxd3 Nd7 17. b4 c6 18. O-O Qe7 19. b5 Rc8 20.
a4 c5 21. dxc5 Rxc5 22. Nb3 Rxc1 23. Rxc1 Qd6 24. Rc8+ Bf8 25.
Nbd4 Re4 26. Nf5 Qf6 27. Qxd5 Re6 28. N3d4 Nc5 29. Qa8 Nd7 30. Rd8 Rd6 31. Nxd6 Qxd6 32. Qc6 Qxc6 33. bxc6 1-0

[Event "13 Open de Quenza"]
[Site "Quenza, France"]
[Date "2024.07.07"]
[Round "5.7"]
[White "Deladerriere, Apollo"]
[Black "Relange, Eloi"]
[Result "0-1"]
[TimeControl "5min+3s/move"]
[WhiteElo "2063"]
[BlackElo "2440"]

1. e4 d6 2. d4 Nf6 3.
Nc3 e5 4. dxe5 dxe5 5. Qxd8+ Kxd8 6.
Bg5 c6 7. Nf3 Nbd7 8. Bc4 Ke8 9. O-O-O b5 10. Bxf6 gxf6 11. Bb3 Nc5 12. Rhe1 a5 13. a4 b4 14. Nb1 Rg8 15. g3 Bg4 16.
Nbd2 Bh6 17. Kb1 Bxd2 18. Nxd2 Bxd1 19.
Rxd1 Ke7 20. Nc4 Rgd8 21. Re1 Rd4 22. f3 Nxb3 23. cxb3 Rd3 24. Ne3 Rad8 25. Nc4 Rd1+ 26. Rxd1 Rxd1+ 27. Kc2 Rh1 28. Nxa5 Rxh2+ 29. Kd3 h5 30. Nxc6+ Kd6 31. Nxb4 Rg2 32. Nd5 Rxg3 33. Ke3 h4 34. Kf2 Rg6 35. a5 h3 36.
a6 h2 37. a7 h1=Q 38. a8=Q Rg2+ 39.
Ke3 Qc1+ 40. Kd3 Rd2+ 41. Ke3 Qe1# 42. Kd4 0-1

[Event "13 Open de Quenza"]
[Site "Quenza, France"]
[Date "2024.07.07"]
[Round "5.8"]
[White "Lauron, Wesley"]
[Black "Glek, Igor"]
[Result "0-1"]
[TimeControl "5min+3s/move"]
[WhiteElo "1960"]
[BlackElo "2396"]

1. e4 c5 2. Nc3 a6 3.
Nf3 e6 4. d4 cxd4 5. Nxd4 b5 6. Bd3 Bb7 7. O-O Nc6 8. Nce2 Qc7 9. c3 Nf6 10. Ng3 h5 11. Re1 h4 12. Nf1 h3 13. g3 Ne5 14. Bf4 d6 15. Bc2 Be7 16. f3 Nc4 17. Bc1 d5 18.
e5 Nxe5 19. Bf4 Nfd7 20. Qe2 Bd6 21.
Bxe5 Bxe5 22. f4 Bxd4+ 23. cxd4 Qb6 24. Qe3 Nf6 25. Nd2 Rc8 26. Bd3 Ng4 27. Qe2 Qxd4+ 28. Kf1 Nxh2+ 29.
Qxh2 Qxd3+ 30. Kg1 Rc2 31. Rad1 Kd8 32.
f5 exf5 33. Nf3 Qxd1 34. Rxd1 Rxh2 35. Kxh2 Ke7 36. Nd4 Kf6 37.
Rf1 g6 38. g4 Bc8 39. gxf5 Bxf5 40.
Rc1 Ke5 41. Nf3+ Kf4 42. Nd4 Ke4 43. Ne2 d4 44. Ng3+ Kd5 45. Nxf5 gxf5 46. Rf1 Ke4 47. Kg3 h2 0-1

[Event "13 Open de Quenza"]
[Site "Quenza, France"]
[Date "2024.07.07"]
[Round "5.9"]
[White "Bigonnet, Jean-Michel"]
[Black "Yankelevich, Lev"]
[Result "0-1"]
[TimeControl "5min+3s/move"]
[WhiteElo "2100"]
[BlackElo "2416"]

1. d4 Nf6 2. Bg5 d5 3. e3 c6 4. Nd2 Qb6 5. c4 Qxb2 6. Rb1 Qa3 7. Bxf6 exf6 8. cxd5 cxd5 9. Qf3 Bb4 10. Bb5+ Nc6 11.
Qxd5 Bxd2+ 12. Kxd2 O-O 13. Bxc6 bxc6 14. Qb3 Qa5+ 15. Kd1 Bf5 16. Rb2 c5 17. Ne2 c4 18. Qc3 Qa4+ 19. Kd2 Rab8 20.
f3 Bd3 21. Nf4 Rxb2+ 22. Qxb2 Qa5+ 23. Kc1 c3 24. Qb3 Bf5 25. e4 Bd7 26. Nd3 Qg5+ 27. Kb1 Qxg2 28. Rc1 Qxf3 29. Qxc3 Qxe4 30. Ka1 Be6 31. Nc5 Qd5 32. Qa3 Qxd4+ 33. Rc3 h6 34. Kb2 Rb8+ 35. Nb3 Qd2+ 36. Rc2 Qd4+ 37. Kb1 Bf5 38. Qxa7 0-1

[Event "13 Open de Quenza"]
[Site "Quenza, France"]
[Date "2024.07.07"]
[Round "5.10"]
[White "Have, Didier"]
[Black "Mullon, Jean-Baptiste"]
[Result "0-1"]
[TimeControl "5min+3s/move"]
[WhiteElo "1935"]
[BlackElo "2315"]

1. e4 c5 2. Nf3 e6 3. d3 Nc6 4.
g3 Nf6 5. Bg2 d5 6. Nbd2 Be7 7. O-O Qc7 8. Re1 O-O 9. e5 Nd7 10. Qe2 b5 11. Nf1 Bb7 12. h4 Rfc8 13. Bf4 Qd8 14.
N1h2 a5 15. Ng4 Bf8 16. Ng5 h6 17. Nh3 b4 18. Qd2 Nd4 19. c3 bxc3 20. bxc3 Nf5 21. Ne3 Nxe3 22. Qxe3 Rab8 23. h5 d4 24. cxd4 cxd4 25. Qd2 Bxg2 26.
Kxg2 Nb6 27. g4 Nd5 28. g5 Rc3 29. gxh6 Qh4 30. hxg7 Bxg7 31. Re4 Qxh5 32. Bg3 Rbc8 33. Rxd4 Rc2 34.
Qxa5 Ne3+ 35. Kh2 Nf5 36. Rd8+ Rxd8 37. Qxd8+ Kh7 38. Kg2 Nxg3 39. Kxg3 Bxe5+ 40. f4 Bxa1 41. Ng5+ Kg6 42. Qg8+ Bg7 43. Qxf7+ Kh6 44. Qxe6+ Qg6 45. Qh3+ Qh5 46. Qe6+ Qg6 47.
Qh3+ Qh5 48. Qe6+ Qg6 49. Qh3+ 0-1

[Event "13 Open de Quenza"]
[Site "Quenza, France"]
[Date "2024.07.07"]
[Round "5.11"]
[White "Hejazipour, Mitra"]
[Black "Roubert, Emile"]
[Result "0-1"]
[TimeControl "5min+3s/move"]
[WhiteElo "2333"]
[BlackElo "1985"]

1. d4 d5 2. c4 e6 3. Nc3 a6 4. cxd5 exd5 5. Nf3 c6 6.
Bf4 Bd6 7. e3 Ne7 8. Bd3 Bxf4 9. exf4 Bf5 10. O-O O-O 11. Re1 Bxd3 12. Qxd3 Nd7 13. Re2 Nf6 14. Rae1 Nc8 15. Ne5 Nd6 16.
Na4 Nfe4 17. f3 Nf6 18. Nc5 Qa5 19. a3 Qb5 20. Qc2 Rad8 21. Re3 Qa5 22. g4 Qc7 23. h4 Nb5 24. Qd2 Nd6 25.
h5 Nc4 26. Nxc4 dxc4 27. Re7 Qd6 28. Nxb7 Qxd4+ 29. Qxd4 Rxd4 30. f5 Nd5 31. Rd7 Rd2 32. Na5 Rxb2 33. Nxc6 Nf6 34. Rc7 Rb3 35. Ne5 c3 36. Rc1 Nd5 37. Rc5 Nf4 38. Kh2 Rxa3 39.
Kg3 Ne2+ 40. Kf2 Nxc1 0-1

[Event "13 Open de Quenza"]
[Site "Quenza, France"]
[Date "2024.07.07"]
[Round "5.12"]
[White "Tomasi, Albert"]
[Black "Krivenko, Dion"]
[Result "1-0"]
[TimeControl "5min+3s/move"]
[WhiteElo "2295"]
[BlackElo "2290"]

1. e4 c5 2. Nf3 e6 3. d4 cxd4 4. Nxd4 Nf6 5. Nc3 Nc6 6. Ndb5 Bb4 7. a3 Bxc3+ 8. Nxc3 d5 9. Bd3 dxe4 10. Nxe4 Nxe4 11. Bxe4 Qxd1+ 12. Kxd1 Bd7 13. f4 O-O 14. Ke2 Rfe8 15. Kf2 f5 16. Bd3 e5 17. Be3 e4 18. Be2 Be6 19. h3 Red8 20. Rad1 b6 21.
g4 Ne7 22. c4 Rac8 23. b3 Kf7 24.
a4 Nc6 25. Rhg1 g6 26. gxf5 Bxf5 27. h4 Nb4 28. Bd4 Nd3+ 29. Ke3 h5 30. a5 bxa5 31. Rd2 a4 32. bxa4 Rxc4 33. Bxa7 Rxa4 34. Bb6 Rb8 35. Bc7 Rb3 36. Bxd3 exd3 37. Be5 Re4+ 38. Kf3 Rc4 39. Ra1 Rb7 40.
Ra6 Rc2 41. Ke3 Rb1 42. Ra7+ Ke6 43. Ra6+ Kd5 44. Rd6+ Kc5 45.
R2xd3 Bxd3 46. Rxd3 Re1+ 47. Kf3 Rf1+ 48. Kg3 Rg1+ 49. Kf3 Rg4 50. Bf6 Rcg2 51. Ke4 Re2+ 52. Kf3 Reg2 53. Ke4 R2g3 54. Rd5+ Kc6 55. Bg5 Rg1 1-0

[Event "13 Open de Quenza"]
[Site "Quenza, France"]
[Date "2024.07.07"]
[Round "6.1"]
[White "Lagarde, Maxime"]
[Black "Anand, Viswanathan"]
[Result "0-1"]
[TimeControl "5min+3s/move"]
[WhiteElo "2608"]
[BlackElo "2751"]

1. e4 e5 2. Nc3 Nf6 3.
f4 d5 4. fxe5 Nxe4 5. Qf3 Nxc3 6. dxc3 Be7 7. Bf4 c6 8.
Bd3 O-O 9. O-O-O Nd7 10. Qh5 g6 11. Qh6 Nxe5 12. Be2 Re8 13. Bd2 Bf5 14. h4 Qa5 15. Kb1 Qa4 16. b3 Bxc2+ 0-1